 Dungeon Crawl Stone Soup version 0.20.0 (webtiles) character file.

31 Crossell the Firebug (level 3, -3/26 HPs)
             Began as a Draconian Fire Elementalist on Aug 24, 2017.
             Slain by a worm (5 damage)
             ... on level 2 of the Dungeon on Aug 26, 2017.
             The game lasted 00:10:31 (1286 turns).

Crossell the Firebug (Draconian Fire Elementalist)  Turns: 1286, Time: 00:10:32

Health: -3/26      AC:  5    Str: 10    XL:     3   Next: 7%
Magic:  1/6        EV: 12    Int: 16    God:
Gold:   97         SH:  0    Dex: 11    Spells: 3/6 levels left

rFire    + . .     SeeInvis .   d - +0 dagger (curse)
rCold    . . .     Gourm    .   (no shield)
rNeg     . . .     Faith    .   (armour unavailable)
rPois    .         Spirit   .   (helmet restricted)
rElec    .         Reflect  .   (no cloak)
rCorr    .         Harm     .   (no gloves)
MR       .....                  (no boots)
Stlth    ++........             (no amulet)
Regen    0.1/turn               f - ring of protection from fire
MPRegen  0.1/turn               (no ring)

@: no status effects
A: unfitting armour, cold-blooded, AC +5
a: no special abilities


You were on level 2 of the Dungeon.
You were not hungry.

You visited 1 branch of the dungeon, and saw 2 of its levels.

You collected 97 gold pieces.

Inventory:

Hand Weapons
 d - a cursed +0 dagger (weapon)
 e - a +0 club
 s - a +0 short sword
 u - a +0 hunting sling
 v - a +0 mace
 y - a +0 dagger
 z - a +3 short sword
Missiles
 w - 30 arrows
Armour
 i - a +0 chain mail
 o - a +0 ring mail
 D - a +0 scale mail
Jewellery
 f - a ring of protection from fire (left hand)
Scrolls
 c - a scroll of fear {unknown}
 h - a scroll of enchant weapon {unknown}
 m - a scroll of random uselessness {unknown}
 p - a scroll of amnesia {unknown}
 r - a scroll of recharging {unknown}
 x - a scroll of remove curse {unknown}
 A - 2 scrolls of identify {unknown}
 B - a scroll of magic mapping {unknown}
Potions
 g - a potion of mutation {unknown}
 j - 3 potions of lignification {unknown}
 k - a potion of cancellation {unknown}
 q - a potion of curing {unknown}
 t - a potion of resistance {unknown}
 C - 2 potions of flight {unknown}
Books
 a - a book of Flames

   Spells                             Type                      Level
   a - Flame Tongue                   Conjuration/Fire             1
   b - Throw Flame                    Conjuration/Fire             2
   c - Conjure Flame                  Conjuration/Fire             3
   d - Inner Flame                    Hexes/Fire                   3
   e - Sticky Flame                   Conjuration/Fire             4
   f - Fireball                       Conjuration/Fire             5
Comestibles
 b - a bread ration
 l - a royal jelly


   Skills:
 + Level 2.0 Dodging
 + Level 2.0 Stealth
 + Level 2.3 Spellcasting
 + Level 1.1 Conjurations
 + Level 3.6 Fire Magic


You had 3 spell levels left.
You knew the following spells:

 Your Spells              Type           Power        Failure   Level  Hunger
a - Flame Tongue          Conj/Fire      #....        8%          1    #......
b - Throw Flame           Conj/Fire      #.....       12%         2    ###....


Dungeon Overview and Level Annotations

Branches:
Dungeon (2/15)

Altars:


Innate Abilities, Weirdness & Mutations

Your plain brown scales are hard. (AC +5)
You cannot fit into any form of body armour.
You are cold-blooded and may be slowed by cold attacks.


Message History

A jackal comes into view.
The jackal barks!
A jackal comes into view.
Casting: Throw Flame
Confirm with . or Enter, or press ? or * to list all spells.
Aiming: Throw Flame
Press: ? - help, Shift-Dir - straight line, f/p - worm
Aim: a worm (lightly wounded)
The puff of flame hits the worm.
The worm is heavily wounded.
The jackal barks!
You hit the jackal but do no damage. The jackal closely misses you.
A hobgoblin comes into view.
You barely miss the jackal. The jackal barely misses you.
You closely miss the jackal.
Your tail-slap misses the jackal.
The jackal bites you.
* * * LOW HITPOINT WARNING * * *
The jackal bites you but does no damage.
The jackal barely misses you. The worm bites you.
You die...

#...#.. .......
?...... .......
....g.. ##.......
#hh...... #@# #w#
#.# #.# #.####
#$######....###
#.............#
#..≈≈≈≈.≈≈≈≈≈.#
#..≈≈≈≈.≈≈≈≈≈.###
##.≈≈≈≈.≈≈≈≈≈....


You could see a worm, 2 jackals and a hobgoblin.

Vanquished Creatures
  An adder (D:2)
  A dart slug (D:1)
  A leopard gecko (D:2)
  2 goblins
  2 hobgoblins (D:1)
  5 bats
  2 frilled lizards
  5 kobolds
  A rat (D:2)
20 creatures vanquished.

Notes
Turn   | Place    | Note
-------+----------+-------------------------------------------
     0 | D:1      | Crossell the Draconian Fire Elementalist began the quest for the Orb.
     0 | D:1      | Reached XP level 1. HP: 14/14 MP: 3/3
   535 | D:1      | Reached XP level 2. HP: 20/20 MP: 1/5
   581 | D:1      | Learned a level 2 spell: Throw Flame
   942 | D:2      | Reached XP level 3. HP: 24/26 MP: 3/6
  1286 | D:2      | Slain by a worm

Skill      XL: |  1  2 |
---------------+-------+-----
Dodging        | 2 |  2.0
Stealth        | 2 |  2.0
Spellcasting   | |  2.3
Conjurations   | |  1.1
Fire Magic     | |  3.6

Action                   || total
-------------------------++-------
Melee: Dagger            ||    48
       Unarmed           ||     5
       Tailslap          ||     2
 Cast: Flame Tongue      ||    11
       Throw Flame       ||     9
  Use: Potion            ||     3
  Eat: Bread ration      ||     1
Armor: Skin              ||    31
Dodge: Dodged            ||    55
